 Dungeon Crawl Stone Soup version 0.30-a0-218-gedb9141078 (webtiles) character file.

Game seed: 9642082368020718003

98 sphynx the Ducker (level 5, -1/38 HPs)
             Began as a Djinni Hedge Wizard on Oct 4, 2022.
             Slain by an orc
             ... wielding a +0 short sword
              (2 damage)
             ... on level 2 of the Dungeon on Oct 5, 2022.
             The game lasted 00:24:10 (2132 turns).

sphynx the Ducker (Djinni Hedge Wizard)             Turns: 2132, Time: 00:24:11

Health: -1/38      AC:  3    Str: 11    XL:     5   Next: 0%
Gold:   105        EV: 12    Int: 16    God:
                   SH:  0    Dex: 12

rFire   + + .      SeeInvis .    a - +0 dagger
rCold   x . .      Faith    .    (no shield)
rNeg    . . .      Spirit   .    b - +0 robe
rPois   ∞          Reflect  .    r - +0 helmet
rElec   .          Harm     .    (no cloak)
rCorr   .          Rampage  .    (no gloves)
Will    .....                    (boots unavailable)
Stlth   ++........               (no amulet)
HPRegen 0.26/turn                (no ring)
MPRegen 0.00/turn                (no ring)

@: flying, very slightly contaminated
A: sickness immunity, fire resistance 2, cold vulnerability 1, float, innate
caster, HP casting, extra vitality 1
a: no special abilities


You were on level 2 of the Dungeon.
You visited 1 branch of the dungeon, and saw 3 of its levels.

You collected 105 gold pieces.

Inventory:

Hand Weapons
 a - a +0 dagger (weapon)
 g - a +0 whip
 p - a +0 trident
Missiles
 h - 11 stones
Armour
 b - a +0 robe (worn)
 c - a +0 hat
 f - a +0 plate armour
 l - a +0 leather armour
 q - a +2 animal skin
 r - a +0 helmet (worn)
Scrolls
 d - 2 scrolls of torment {unknown}
 i - a scroll of noise {unknown}
 j - 2 scrolls of identify {unknown}
 k - a scroll of teleportation {unknown}
 n - a scroll of fear {unknown}
Potions
 m - a potion of attraction {unknown}
 o - 3 potions of mutation {unknown}


   Skills:
 + Level 2.0 Fighting
 + Level 3.1 Dodging
 - Level 2.1 Stealth
 + Level 3.1 Spellcasting


You couldn't memorise any spells.
You knew the following spells:

 Your Spells              Type           Power      Damage    Failure   Level
a - Magic Dart            Conj           48%        1d5       5%          1
b - Slow                  Hex            48%        N/A       5%          1
c - Blink                 Tloc           24%        N/A       8%          2
d - Call Imp              Summ           12%        N/A       8%          2
e - Cigotuvi's Dreadful   Necr/Pois/Air  24%        N/A       8%          2
f - Mephitic Cloud        Conj/Pois/Air  12%        N/A       16%         3
g - Summon Small Mammal   Summ           48%        N/A       5%          1
h - Passwall              Tmut/Erth      10%        N/A       8%          2
Your spell library was empty.

Dungeon Overview and Level Annotations

Branches:
Dungeon (3/15)

Altars:

Annotations:
D:1 Jessica
D:2 1 runed translucent door, Crazy Yiuf


Innate Abilities, Weirdness & Mutations

You are immune to sickness and miasma.
You are immune to poison.
Your flesh is very heat resistant. (rF++)
You are vulnerable to cold. (rC-)
You float through the air rather than walking.
You learn spells naturally, not from books.
Your magical power is your life essence.
You have superior vitality. (+4 MHP)


Message History

Press: ? - help, Shift-Dir - straight line
Okay, then.
Casting: Magic Dart (safe; 5% risk of failure)
Confirm with . or Enter, or press ? or * to list all spells.
Aiming: Magic Dart (safe; 5% risk of failure)
Press: ? - help, Shift-Dir - straight line The magic dart hits something.
Something hits you. The orc misses you.
You hit something. Something barely misses you. The orc closely misses you.
You barely miss something. Something hits you. The orc barely misses you.
You barely miss something. Something hits you but does no damage.
The orc hits you with a +0 short sword.
You closely miss something. Something hits you but does no damage.
The orc hits you with a +0 short sword.
* * * LOW HITPOINT WARNING * * *
The orc attacks as you move away! The orc hits you with a +0 short sword.
* * * LOW HITPOINT WARNING * * *
Something hits you.
* * * LOW HITPOINT WARNING * * *
Sorry, you're not good enough to have a special ability.
Casting: Magic Dart (safe; 5% risk of failure)
Confirm with . or Enter, or press ? or * to list all spells.
Okay, then.
Casting: Magic Dart (safe; 5% risk of failure)
Confirm with . or Enter, or press ? or * to list all spells.
Okay, then.
Casting: Magic Dart (safe; 5% risk of failure)
Confirm with . or Enter, or press ? or * to list all spells.
Okay, then.
Casting: Magic Dart (safe; 5% risk of failure)
Confirm with . or Enter, or press ? or * to list all spells.
You miscast Blink.
You are very lightly contaminated with residual magic.
Nothing appears to happen.
* * * LOW HITPOINT WARNING * * *
An orc wizard appears from thin air!
Reactivating autopickup.
The orc wizard hits you with a +0 dagger.
* * * LOW HITPOINT WARNING * * *
The orc hits you with a +0 short sword.
You die...

#........#...# #...###..
###......##..###...# ##.
#......###..##...# ##
#................##
#......##.#.###...# #
#......##.#.####..####
#....>....#.>.........
###.oo....)....#......
#..@................
#.........†###....##
#......)..####....##
#...................
#.........####..#...
########...).....# #.....#
#................# #.#...#
#......#.........#
##†#..##
#..........#####.###.....#


You could see an orc wizard and an orc.

Vanquished Creatures
  Robin (D:2)
  3 adders
  A worm (D:2)
  4 bats
  2 endoplasms (D:1)
  A giant cockroach (D:3)
  11 goblins
  5 hobgoblins
  3 jackals
  2 quokkas (D:2)
  4 ball pythons
  2 frilled lizards (D:1)
  5 kobolds
  5 rats
49 creatures vanquished.

Vanquished Creatures (collateral kills)
  A hobgoblin (D:1)
  A jackal (D:1)
2 creatures vanquished.

Vanquished Creatures (others)
  A fungus (D:2)
  A plant (D:1)
2 creatures vanquished.

Grand Total: 53 creatures vanquished

Notes
Turn   | Place    | Note
-------+----------+-------------------------------------------
     0 | D:1      | sphynx the Djinni Hedge Wizard began the quest for the Orb.
     0 | D:1      | sphynx set off with the following spells memorised: Magic
                  | Dart, Slow, Blink, Call Imp, Cigotuvi's Dreadful Rot,
                  | Mephitic Cloud.
     0 | D:1      | Reached XP level 1. HP: 15/15 MP: 0/0
   239 | D:1      | Reached XP level 2. HP: 20/21 MP: 0/0
   545 | D:1      | Reached XP level 3. HP: 20/26 MP: 0/0
   545 | D:1      | Learned a level 1 spell: Summon Small Mammal
   980 | D:2      | Noticed Jessica
  1085 | D:2      | Reached skill level 1 in Fighting
  1260 | D:2      | Reached XP level 4. HP: 17/32 MP: 0/0
  1461 | D:2      | Noticed Robin
  1650 | D:2      | Killed Robin
  1810 | D:2      | Upgraded the game from 0.30-a0-190-g22c9a3c0ff to
                  | 0.30-a0-218-gedb9141078
  2016 | D:2      | Found a runed translucent door.
  2017 | D:2      | Noticed Crazy Yiuf
  2077 | D:3      | Reached XP level 5. HP: 37/38 MP: 0/0
  2077 | D:3      | Learned a level 2 spell: Passwall
  2132 | D:2      | HP: 1/38 [orc wizard/+0 dagger (2)]
  2132 | D:2      | Slain by an orc

Illustrated notes

Levels and vault maps discovered:
D:1:      sevenhm_arrival_forest_fort_large_4, layout_rooms, minivault_14
D:2:      minmay_alternating_diamond, layout_rooms, uniq_crazy_yiuf_cottage,
          uniq_jessica, uniq_robin
D:3:      layout_basic, hellmonk_ecumenical_altar_prayer_group,
          minmay_misc_feat_columns, uniq_natasha

Skill      XL: |  1  2  3  4 |
---------------+-------------+-----
Stealth        | 2 |  2.1
Fighting       | 1 2 |  2.0
Spellcasting   | 3 |  3.1
Dodging        | 3 |  3.1

Action                   |  1- 3 |  4- 6 || total
-------------------------+-------+-------++-------
Melee: Dagger            |    65 |    63 ||   128
       Punch             |       |     1 ||     1
 Cast: Magic Dart        |    50 |    47 ||    97
       Call Imp          |     1 |       ||     1
       Mephitic Cloud    |     1 |     1 ||     2
       Summon Small Mamm |       |     2 ||     2
  Use: Potion            |     1 |     1 ||     2
 Stab: Sleeping          |     1 |       ||     1
Armor: Robe              |     7 |    17 ||    24
Dodge: Dodged            |    52 |    53 ||   105

Table legend: (Time is in decaauts)
 A = Elapsed time spent in this place.
 B = Non-inter-level travel time spent in this place.
 C = Inter-level travel time spent in this place.
 D = Time resting spent in this place.
 E = Time spent auto-exploring this place.
 F = Levels seen in this place.
 G = Mean time per level.
                   A        B        C        D        E       F      G
               +--------+--------+--------+--------+--------+-----+--------+
         Total |   2137 |   2062 |     75 |    634 |    486 |   3 |  712.3 |
       Dungeon |   2137 |   2062 |     75 |    634 |    486 |   3 |  712.3 |
               +--------+--------+--------+--------+--------+-----+--------+

Top non-repeatable levels by time:
     D:1: 994 daAuts
     D:2: 928 daAuts
     D:3: 214 daAuts
